 Dungeon Crawl Stone Soup version 0.29-a0-284-gf9362112df (webtiles) character file.

Game seed: 16537642508011731721

1456 siradein the Skirmisher (level 8, -4/83 HPs)
             Began as an Ogre Air Elementalist on Mar 21, 2022.
             Was a Follower of Vehumet.
             Killed from afar by a steam dragon (20 damage)
             ... with a ball of steam
             ... on level 6 of the Dungeon.
             The game lasted 00:19:30 (7877 turns).

siradein the Skirmisher (Ogre Air Elementalist)     Turns: 7877, Time: 00:19:30

Health: -4/83      AC:  3    Str: 13    XL:     8   Next: 76%
Magic:  11/16      EV: 15    Int: 18    God:    Vehumet [*.....]
Gold:   260        SH:  0    Dex: 13    Spells: 5/18 levels left

rFire   . . .      SeeInvis +   q - +7 halberd of Animal Spirits {pain, Dex+4}
rCold   . . .      Faith    .   (shield currently unavailable)
rNeg    . . .      Spirit   .   a - +0 robe
rPois   .          Reflect  .   (helmet restricted)
rElec   .          Harm     .   (no cloak)
rCorr   .          Rampage  .   (gloves unavailable)
Will    .....                   (boots unavailable)
Stlth   ++........              (no amulet)
HPRegen 0.23/turn               d - +4 ring of evasion
MPRegen 0.15/turn               u - ring of see invisible

@: no status effects
A: large, unfitting armour, tough skin 1
a: Renounce Religion


You were on level 6 of the Dungeon.
You worshipped Vehumet.
Vehumet was aware of your devotion.
You visited 1 branch of the dungeon, and saw 6 of its levels.
You also visited: Sewer.

You collected 260 gold pieces.

Inventory:

Hand Weapons
 q - the +7 halberd of Animal Spirits (weapon) {pain, Dex+4}
   (You found it in a sewer)

   In the hands of one skilled in necromantic magic, it inflicts extra damage on
   living creatures.
   Dex:       It affects your dexterity (+4).
 B - a +4 trident of freezing
Armour
 a - a +0 robe (worn)
Jewellery
 d - a +4 ring of evasion (left hand)
 j - a +6 ring of strength
 u - a ring of see invisible (right hand)
Wands
 v - a wand of flame (33)
 y - a wand of charming (3)
 D - a wand of polymorph (7)
Scrolls
 c - 2 scrolls of fear
 e - a scroll of fog {unknown}
 g - 2 scrolls of holy word {unknown}
 i - 5 scrolls of teleportation {unknown}
 k - 2 scrolls of noise {unknown}
 l - a scroll of amnesia {unknown}
 m - 3 scrolls of enchant weapon {unknown}
 p - a scroll of brand weapon {unknown}
 s - a scroll of magic mapping {unknown}
 t - a scroll of enchant armour {unknown}
 x - a scroll of summoning {unknown}
 z - a scroll of blinking
 C - a scroll of identify
Potions
 b - 2 potions of magic
 f - 2 potions of curing
 h - 3 potions of brilliance
 n - 3 potions of flight
 o - a potion of haste {unknown}
 r - 2 potions of lignification {unknown}
 w - a potion of berserk rage {unknown}
 A - a potion of ambrosia {unknown}


   Skills:
 + Level 6.0 Fighting
 + Level 4.5 Dodging
 - Level 1.4 Stealth
 + Level 5.6 Spellcasting
 + Level 4.2 Conjurations
 + Level 5.0 Air Magic


You had 5 spell levels left.
You knew the following spells:

 Your Spells              Type           Power      Damage    Failure   Level
a - Shock                 Conj/Air       84%        1d8       1%          1
b - Swiftness             Air            23%        N/A       4%          3
c - Static Discharge      Conj/Air       21%        N/A       2%          2
d - Mephitic Cloud        Conj/Pois/Air  16%        N/A       11%         3
e - Airstrike             Air            11%        N/A       16%         4

Your spell library contained the following spells:

 Spells                   Type           Power      Damage    Failure   Level
 Freeze                   Ice            20%        1d4       13%         1
 Animate Skeleton         Necr           10%        N/A       13%         1
 Apportation              Tloc           10%        N/A       13%         1
 Summon Small Mammal      Summ           20%        N/A       13%         1
 Ensorcelled Hibernation  Hex/Ice        10%        N/A       19%         2
 Passwall                 Tmut/Erth      4%         N/A       19%         2
 Ignite Poison            Fire/Tmut/Pois 5%         N/A       36%         3
 Freezing Cloud           Conj/Ice/Air   8%         6-21      67%         5


Dungeon Overview and Level Annotations

Branches:
Dungeon (6/15)              Sewer (visited)
 Temple: D:4-7

Altars:
Gozag
Hepliaklqana
Okawaru
Sif Muna
Vehumet

Shops:
D:1 (

Annotations:
D:2 1 runed translucent door, Crazy Yiuf


Innate Abilities, Weirdness & Mutations

You are too large for most types of armour.
You have tough skin. (AC +1)


Message History

The steam dragon hisses angrily.
The zap hits the steam dragon!
The steam dragon is moderately wounded.
You hit the steam dragon.
The steam dragon is moderately wounded.
The steam dragon bites you! The steam dragon claws you.
The steam dragon barely misses you. x2
You slash the steam dragon!
The steam dragon is heavily wounded.
The steam dragon breathes steam at you. The ball of steam hits you!
You hear an angry hiss.
You closely miss the steam dragon.
The steam dragon is heavily wounded.
You are engulfed in a cloud of scalding steam.
The steam dragon closely misses you. The steam dragon claws you.
The steam dragon bites you! The steam dragon claws you.
Unknown command.
Casting: Shock (safe; 1% risk of failure)
Confirm with . or Enter, or press ? or * to list all spells.
The steam dragon is struck by an arc of lightning!
The steam dragon is almost dead.
You are struck by an arc of lightning.
The lightning grounds out.
You are engulfed in a cloud of scalding steam.
The steam dragon bites you. The steam dragon barely misses you.
Casting: Static Discharge (safe; 2% risk of failure)
Confirm with . or Enter, or press ? or * to list all spells.
The steam dragon is struck by an arc of lightning.
The steam dragon is almost dead.
You are struck by an arc of lightning.
* * * LOW HITPOINT WARNING * * *
The lightning grounds out.
You are engulfed in a cloud of scalding steam.
The steam dragon bites you!
* * * LOW HITPOINT WARNING * * *
The steam dragon misses you.
Unknown command.
The steam dragon breathes steam at you. The ball of steam hits you!!
You die...

####### #.....##
....... ..)..#
..#.# #D#.# #....
#§§.# .....# #.@.#
.....+ +§#.# .....#
#.#.# #....# #.#.#
#....# #.#.#
.....##########.#.#
................#.#
......#####.......#
#...###
#######.....


You could see a steam dragon (catching breath).

Vanquished Creatures
  Grinder (D:3)
  A black bear (D:5)
  A sky beast (D:5)
  An ogre (D:4)
  2 phantoms (D:5)
  2 bullfrogs (Sewer)
  5 wights (D:5)
  2 orc priests
  2 iguanas
  3 orc wizards
  11 adders
  A shadow imp (D:5)
  A white imp (D:6)
  An ufetubus (D:5)
  3 worms
  3 dart slugs
  18 orcs
  3 bats
  6 endoplasms
  10 giant cockroaches
  9 goblins
  11 hobgoblins
  6 jackals (D:2)
  5 kobolds
  9 quokkas
  5 ball pythons
  11 frilled lizards
  5 rats
138 creatures vanquished.

Notes
Turn   | Place    | Note
-------+----------+-------------------------------------------
     0 | D:1      | siradein the Ogre Air Elementalist began the quest for the
                  | Orb.
     0 | D:1      | Reached XP level 1. HP: 16/16 MP: 3/3
    61 | D:1      | Reached skill level 1 in Conjurations
   104 | D:1      | Found a faded altar of an unknown god.
   122 | D:1      | Reached XP level 2. HP: 11/26 MP: 0/5
   337 | D:1      | Reached skill level 1 in Fighting
   662 | D:1      | Reached XP level 3. HP: 33/33 MP: 0/7
  1103 | D:1      | Found Reasaa Izave's Weapon Emporium.
  1173 | D:1      | Learned a level 3 spell: Swiftness
  1176 | D:1      | Learned a level 2 spell: Static Discharge
  1424 | D:2      | Found a runed translucent door.
  1425 | D:2      | Noticed Crazy Yiuf
  1669 | D:2      | Reached XP level 4. HP: 42/42 MP: 0/8
  1935 | D:2      | Reached skill level 2 in Fighting
  2559 | D:3      | Reached XP level 5. HP: 25/50 MP: 0/10
  2636 | D:3      | Found a glowing drain.
  2691 | Sewer    | Entered a sewer
  3448 | Sewer    | Reached skill level 3 in Fighting
  3448 | Sewer    | Reached XP level 6. HP: 33/61 MP: 3/11
  3787 | Sewer    | Identified the +7 halberd of Animal Spirits {pain, Dex+4}
  4030 | D:3      | Noticed Grinder
  4039 | D:3      | Paralysed by Grinder for 6 turns
  4055 | D:3      | Killed Grinder
  4056 | D:3      | Reached skill level 4 in Fighting
  4056 | D:3      | Reached XP level 7. HP: 12/70 MP: 0/13
  4393 | D:3      | Learned a level 3 spell: Mephitic Cloud
  4398 | D:3      | Learned a level 4 spell: Airstrike
  5067 | D:4      | Noticed a yak
  5707 | D:4      | Found a hazy altar of Hepliaklqana.
  5712 | D:4      | Found an opulent altar of Gozag.
  5712 | D:4      | Found an iron altar of Okawaru.
  5723 | D:4      | Found a radiant altar of Vehumet.
  5727 | D:4      | Found a shimmering blue altar of Sif Muna.
  5910 | D:4      | Became a worshipper of Vehumet
  6185 | D:5      | Entered Level 5 of the Dungeon
  6285 | D:5      | Reached XP level 8. HP: 56/78 MP: 6/15
  6286 | D:5      | Reached skill level 5 in Fighting
  6417 | D:5      | Reached skill level 5 in Spellcasting
  7408 | D:5      | Reached skill level 6 in Fighting
  7408 | D:5      | Reached skill level 5 in Air Magic
  7616 | D:6      | Reached * piety under Vehumet
  7616 | D:6      | Offered knowledge of Freeze by Vehumet.
  7877 | D:6      | Killed from afar by a steam dragon

Illustrated notes

Levels and vault maps discovered:
D:1:      doesnt_arrival_eight_statues, layout_rooms, serial_shops,
          nicolae_shop_waterfront, hellmonk_ecumenical_altar_arch_garden,
          minmay_cupped
D:2:      layout_basic, minmay_misc_feat_room, minivault_14,
          minmay_tetromino_s2, uniq_crazy_yiuf_cottage
D:3:      layout_loops_cross, portal_sewer_entry_d, uniq_grinder
D:4:      layout_basic, minmay_overflow_temple_star_hex, minmay_misc_feat_x,
          kennysheep_diamond
D:5:      layout_gridville
D:6:      layout_loops_ring, jmf_multi_god_temple, marbit_many_paths,
          minmay_temple_entry_slanted

Skill      XL: |  1  2  3  4  5  6  7  8 |
---------------+-------------------------+-----
Conjurations   | 1 2 3 4 |  4.2
Fighting       | 1 2 3 4 6 |  6.0
Dodging        | 2 3 4 |  4.5
Air Magic      | 3 4 5 |  5.0
Spellcasting   | 3 4 5 |  5.6
Stealth        | |  1.4

Action                   |  1- 3 |  4- 6 |  7- 9 || total
-------------------------+-------+-------+-------++-------
Melee: Dagger            |    12 |       |       ||    12
       Unarmed           |     5 |       |       ||     5
       Mace              |       |     4 |       ||     4
       Flail             |       |    23 |       ||    23
       Halberd           |       |     8 |    40 ||    48
       Trident           |       |       |     6 ||     6
 Cast: Shock             |    69 |   105 |    96 ||   270
       Static Discharge  |     4 |    15 |    27 ||    46
       Airstrike         |       |       |     2 ||     2
  Use: Scroll            |       |       |     6 ||     6
 Stab: Sleeping          |       |     3 |       ||     3
Armor: Robe              |     5 |    15 |     9 ||    29
Dodge: Dodged            |    21 |    56 |    43 ||   120

Table legend: (Time is in decaauts)
 A = Elapsed time spent in this place.
 B = Non-inter-level travel time spent in this place.
 C = Inter-level travel time spent in this place.
 D = Time resting spent in this place.
 E = Time spent auto-exploring this place.
 F = Levels seen in this place.
 G = Mean time per level.
                   A        B        C        D        E       F      G
               +--------+--------+--------+--------+--------+-----+--------+
         Total |   7968 |   7814 |    154 |    391 |   6163 |   7 | 1138.3 |
       Dungeon |   6803 |   6649 |    154 |    191 |   5383 |   6 | 1133.8 |
         Sewer |   1164 |   1164 |      0 |    200 |    780 |   1 | 1164.0 |
               +--------+--------+--------+--------+--------+-----+--------+

Top non-repeatable levels by time:
     D:5: 1432 daAuts
     D:3: 1392 daAuts
     D:4: 1316 daAuts
     D:1: 1203 daAuts
     D:2: 1191 daAuts
   Sewer: 1164 daAuts
     D:6: 267 daAuts
